 Dungeon Sprint DCSS version 0.24.0-28-g17ded55e90 (webtiles) character file.

Game seed: 13919832395230879330, levelgen mode: deterministic

0 PentaManta the Poker (level 4, -1/58 HPs)
             Began as a Merfolk Gladiator on Nov 13, 2019.
             Slain by Pikel
             ... wielding a +1 whip of freezing
              (6 damage)
             ... in the Dungeon (Sprint VI: "Thunderdome").
             The game lasted 00:01:06 (76 turns).

PentaManta the Poker (Merfolk Gladiator)              Turns: 76, Time: 00:01:07

Health: -1/58      AC:  4    Str: 19    XL:     4   Next: 24%
Magic:  4/4        EV: 17    Int:  7    God:
Gold:   200        SH:  0    Dex: 16    Spells: 3/3 levels left

rFire    . . .     SeeInvis .   a - +0 trident
rCold    . . .     Gourm    .   (no shield)
rNeg     . . .     Faith    .   b - +0 leather armour
rPois    .         Spirit   .   c - +0 helmet
rElec    .         Reflect  .   (no cloak)
rCorr    .         Harm     .   (no gloves)
MR       .....     NoTele   +   (no boots)
Stlth    ..........             (no amulet)
HPRegen  0.19/turn              (no ring)
MPRegen  0.09/turn              (no ring)

@: berserking, very quick
A: change form in water, swift swim, stealthy swim
a: no special abilities


You were in the Dungeon.
You were not hungry.

You visited 1 branch You collected 200 gold pieces.

Inventory:

Hand Weapons
 a - a +0 trident (weapon)
Armour
 b - a +0 leather armour (worn)
 c - a +0 helmet (worn)
Wands
 m - a wand of acid (5)
 n - a wand of iceblast (5)
Scrolls
 k - 4 scrolls of blinking
 o - 3 scrolls of fog
Potions
 g - 3 potions of heal wounds
 h - 4 potions of haste
 i - 2 potions of magic
 l - a potion of resistance
Comestibles
 f - a ration


   Skills:
 + Level 5.4 Fighting
 + Level 7.9 Polearms
 - Level 2.0 Throwing
 + Level 7.2 Dodging


You had 3 spell levels left.
You didn't know any spells.
Your spell library was empty.

Dungeon Overview and Level Annotations

Branches:
Dungeon (1/1)

Altars:
Gozag
Qazlal
Sif Muna
Uskayaw
Vehumet
Wu Jian
Yredelemnul
The Shining One
Jiyva

Shops:
D ??:(

Annotations:
D Pikel


Message History

Pikel hits you with a +1 whip of freezing.
Pikel freezes you.
You hit Pikel.
Pikel is moderately wounded.
Pikel hits you with a +1 whip of freezing.
Pikel freezes you.
You barely miss Pikel.
Pikel is moderately wounded.
You barely miss Pikel.
Pikel is moderately wounded.
Pikel hits you with a +1 whip of freezing!
* * * LOW HITPOINT WARNING * * *
Pikel freezes you.
* * * LOW HITPOINT WARNING * * *
You hit Pikel.
Pikel is moderately wounded.
You barely miss Pikel.
Pikel is moderately wounded.
Pikel hits you with a +1 whip of freezing.
You die...

##.....##
##∩.....∩##
#∩.......∩#
#_......._#
#_........#
#_......._#
###........(###
#⌠...........⌠#
#.8(.).K@...8.###
_......###......___
......8.# #.8.......
........###.........
....###...###......
.... #.<.# ......
... #...# ...... ..
...###... .... ...8.
.8......


You could see Pikel.

Vanquished Creatures
  A big kobold (D)
  A kobold (D)
2 creatures vanquished.

Notes
Turn   | Place    | Note
-------+----------+-------------------------------------------
     0 | D        | PentaManta the Merfolk Gladiator began the quest for the
                  | Orb.
     0 | D        | Reached XP level 1. HP: 16/16 MP: 1/1
     4 | D        | Found a viscous altar of Jiyva.
     4 | D        | Found an ornate altar of the Wu Jian Council.
     5 | D        | Found an opulent altar of Gozag.
     5 | D        | Round 1.
     6 | D        | Found a radiant altar of Vehumet.
     6 | D        | Found a glowing golden altar of the Shining One.
     7 | D        | Found a basalt altar of Yredelemnul.
     7 | D        | Found a shimmering blue altar of Sif Muna.
     7 | D        | Found Otou's Staff Store.
     7 | D        | Found Cefoo's Magic Scroll Shop.
     8 | D        | Found Beutas's Must-Have Magic.
     8 | D        | Found Zockargh's Magic Scroll Shop.
    14 | D        | Noticed a big kobold
    15 | D        | Found a hide-covered altar of Uskayaw.
    36 | D        | Killed a big kobold
    36 | D        | Reached skill level 5 in Fighting
    36 | D        | Reached XP level 2. HP: 8/27 MP: 2/2
    36 | D        | Reached XP level 3. HP: 9/33 MP: 3/3
    36 | D        | Reached XP level 4. HP: 11/39 MP: 4/4
    48 | D        | Found a stormy altar of Qazlal.
    51 | D        | Noticed Pikel
    61 | D        | HP: 1/39 [Pikel/+1 whip of freezing (2)]
    76 | D        | Slain by Pikel

Levels and vault maps discovered:
D:        arena_sprint

Skill      XL: |  1 |
---------------+----+-----
Fighting       | 5 |  5.4
Polearms       | 7 |  7.9
Dodging        | 7 |  7.2
Throwing       | |  2.0

Action                   |  1- 3 |  4- 6 || total
-------------------------+-------+-------++-------
Melee: Trident           |    13 |    18 ||    31
Throw: Throwing net      |     2 |     1 ||     3
  Use: Potion            |       |     3 ||     3
 Stab: Held in net/web   |     2 |       ||     2
Armor: Leather armour    |     2 |       ||     2
Dodge: Dodged            |     5 |     6 ||    11
